 Seeded DCSS version 0.31-a0-133-gaae73658be (webtiles) character file.

Game seed: 8444064637143102904 (custom seed)

98 Pimp the Chopper (level 4, -1/41 HPs)
             Began as a Hill Orc Monk on June 2, 2023.
             Slain by Ijyb
             ... wielding a +5 club
              (9 damage)
             ... on level 3 of the Dungeon.
             The game lasted 00:03:41 (1716 turns).

Pimp the Chopper (Hill Orc Monk)                    Turns: 1716, Time: 00:03:42

Health: -1/41      AC:  7    Str: 15    XL:     4   Next: 71%
Magic:  4/4        EV: 11    Int: 10    God:
Gold:   76         SH:  0    Dex: 13    Spells: 3/3 levels left

rFire   . . .        a - +0 hand axe (spect)
rCold   . . .        m - +0 buckler
rNeg    . . .        j - +0 ring mail
rPois   .            (no helmet)
rElec   .            (no cloak)
rCorr   .            l - +1 pair of gloves
SInv    .            (no boots)
Will    .....        n - amulet of faith Stlth
                     (no ring)
HPRegen 0.26/turn    (no ring)
MPRegen 0.09/turn

%: faith
@: confused, ambrosia-drunk
A: no striking features
a: no special abilities


You were on level 3 of the Dungeon.
You visited 1 branch of the dungeon, and saw 3 of its levels.

You collected 76 gold pieces.

Inventory:

Hand Weapons
 a - a +0 spectral hand axe (weapon)
Armour
 b - a +0 robe
 d - an orb of light
 j - a +0 ring mail (worn)
 l - a +1 pair of gloves (worn)
 m - a +0 buckler (worn)
Jewellery
 n - an amulet of faith (around neck)
Scrolls
 k - a scroll of brand weapon
 o - a scroll of fog {unknown}
 p - a scroll of butterflies {unknown}
 r - a scroll of identify {unknown}
Potions
 g - a potion of mutation {unknown}
 q - a potion of heal wounds {unknown}


   Skills:
 + Level 4.5 Fighting
 + Level 4.9 Axes
 + Level 2.0 Armour
 + Level 3.0 Dodging


You had 3 spell levels left.
You didn't know any spells.
Your spell library contained the following spells:

 Spells                   Type           Power      Damage    Failure   Level
 Lesser Beckoning         Tloc           0%         N/A       83%         2
 Gell's Gravitas          Tloc           0%         N/A       97%         3
 Teleport Other           Tloc           0%         N/A       97%         3
 Dispersal                Tloc           0%         N/A       100%        6


Dungeon Overview and Level Annotations

Branches:
Dungeon (3/15)

Altars:

Annotations:
D:1 2 transporters
D:3 Ijyb


Message History

The goblin shouts!
You hit the adder but do no damage. You hit the dart slug. x2
The bat misses you. Ijyb hits you with a +5 club.
The adder bites you but does no damage. You block the dart slug's attack.
You hit Ijyb but do no damage.
Ijyb is lightly wounded.
You hit the adder but do no damage. You hit the dart slug. x2
The bat closely misses you. The adder bites you but does no damage.
Ijyb hits you but does no damage. The dart slug launches a dart at you.
The slug dart misses you.
The slug dart hits the adder.
The adder misses you. You block the dart slug's attack.
Ijyb closely misses you.
You hit Ijyb but do no damage.
Ijyb is lightly wounded.
You barely miss the adder. You hit the dart slug but do no damage.
You hit the dart slug.
You kill the dart slug!
You completely miss the bat. The bat barely misses you. The adder bites you.
The dart slug bites you but does no damage.
You block Ijyb's attack.
You hit Ijyb.
Ijyb is moderately wounded.
You closely miss the adder. You hit the dart slug.
You kill the dart slug!
The bat barely misses you. The adder bites you.
The dart slug launches a dart at you. The slug dart hits you.
Ijyb hits you with a +5 club!
* * * LOW HITPOINT WARNING * * *
The adder bites you but does no damage.
As you read the scroll labelled HUIREY CUVVIGI, it crumbles to dust.
It is a scroll of brand weapon.
Your +0 hand axe acquires a faint afterimage.
a - a +0 spectral hand axe (weapon)
The bat barely misses you. The adder closely misses you.
Ijyb hits you with a +5 club.
* * * LOW HITPOINT WARNING * * *
You are confused.
You feel invigorated. The adder closely misses you.
Ijyb hits you with a +5 club!
You die...

****,*,*,,..#.≈≈≈≈≈#~..,,,,,,*,**
*,,,,*,*,,..~~w≈~≈~~≈~~*#,,*,*,*,
+,,,,*,*,.#~≈≈≈≈~..≈≈~*~#,,,,*,*,
*,,,**,*<#.≈≈≈≈~..(~~≈≈≈.***,*,*,
*_,,**+*.#~~≈≈≈~~..##≈≈g~,,,,*,,,
*,,,,,,,.~~≈≈≈≈≈~.~≈≈≈≈≈~~,*,****
*,,,,,,,#K~~≈≈≈~$![~~~#≈≈~,,,,,,,
*,,,,,,,+.~~~~~†bg.~≈~w≈≈,,,,***,
***,,,,,#~≈≈~~~~@♣$~#≈~≈~~,,,,,,,
* ******#~≈≈≈≈≈≈~S#≈≈≈~~~~,,,,,,*
* *#≈≈≈#≈~~<~~~≈≈≈w**,***** *
###[#≈≈~#..#!≈≈#≈.,,,***** *
#..#~≈≈≈≈...#~≈≈≈#,*,,,,,* *
######†###~~#)~~~#≈≈~##******,* *
#...........~≈~~≈≈~.##*,,,,,,,*
#.......##.##≈≈.~~#..#*,*******
#.......#######.......,,*


You could see Ijyb, an adder, 2 dart slugs, a goblin, a bat and a kobold
(wandering).

Vanquished Creatures
  3 adders (D:2)
  2 worms
  8 dart slugs
  5 endoplasms
  4 giant cockroaches
  7 goblins
  3 hobgoblins
  3 kobolds
  2 quokkas
  A ball python (D:2)
  3 bats
  4 frilled lizards
  4 rats
49 creatures vanquished.

Notes
Turn   | Place    | Note
-------+----------+-------------------------------------------
     0 | D:1      | Pimp the Hill Orc Monk began the quest for the Orb.
     0 | D:1      | Reached XP level 1. HP: 19/19 MP: 1/1
   109 | D:1      | Reached XP level 2. HP: 27/27 MP: 2/2
   260 | D:1      | Reached skill level 1 in Armour
   448 | D:1      | Reached XP level 3. HP: 22/33 MP: 3/3
  1157 | D:2      | Reached XP level 4. HP: 40/41 MP: 4/4
  1701 | D:3      | Noticed Ijyb
  1716 | D:3      | Slain by Ijyb

Illustrated notes

Levels and vault maps discovered:
D:1:      spicycebolla_arrival_transporter_tutorial, layout_basic,
          hex_intersection, minmay_cut_off
D:2:      layout_loops_corners
D:3:      kennysheep_slugbush, layout_basic, basic_ecumenical_altar, uniq_ijyb

Skill      XL: |  1  2  3  4 |
---------------+-------------+-----
Armour         | 1 2 |  2.0
Fighting       | 4 |  4.5
Dodging        | 3 |  3.0
Axes           | |  4.9

Action                     |  1- 3 |  4- 6 || total
---------------------------+-------+-------++-------
  Melee: Hand axe          |   102 |    65 ||   167
    Use: Scroll            |       |     6 ||     6
         Potion            |       |     1 ||     1
 Armour: Robe              |    13 |       ||    13
         Ring mail         |    13 |    25 ||    38
  Dodge: Dodged            |    57 |    48 ||   105
  Block: Buckler           |     4 |    12 ||    16

Table legend: (Time is in decaauts)
 A = Elapsed time spent in this place.
 B = Non-inter-level travel time spent in this place.
 C = Inter-level travel time spent in this place.
 D = Time resting spent in this place.
 E = Time spent auto-exploring this place.
 F = Levels seen in this place.
 G = Mean time per level.
                   A        B        C        D        E       F      G
               +--------+--------+--------+--------+--------+-----+--------+
         Total |   1734 |   1660 |     74 |     11 |   1191 |   3 |  578.0 |
       Dungeon |   1734 |   1660 |     74 |     11 |   1191 |   3 |  578.0 |
               +--------+--------+--------+--------+--------+-----+--------+

Top non-repeatable levels by time:
     D:2: 1058 daAuts
     D:1: 576 daAuts
     D:3: 99 daAuts
